 Dungeon Crawl Stone Soup version 0.31-a0-180-g519b7de00c (webtiles) character file.

Game seed: 86295880585632191

2797 Gargoyl the Cleaver (level 9, 0/76 HPs)
             Began as a Gargoyle Berserker on June 20, 2023.
             Was a Priest of Trog.
             Slain by a swamp worm (3 damage)
             ... on level 7 of the Dungeon.
             The game lasted 00:07:56 (4960 turns).

Gargoyl the Cleaver (Gargoyle Berserker)            Turns: 4960, Time: 00:07:57

Health: 0/76       AC: 14    Str: 20    XL:     9   Next: 71%
Magic:  9/9        EV: 12    Int: 12    God:    Trog [***...]
Gold:   358        SH:  0    Dex: 12    Spells: 8/8 levels left

rFire   . . .        p - +0 hand axe (venom)
rCold   + . .        (no shield)
rNeg    + . .        f - +0 ring mail
rPois   ∞            (no helmet)
rElec   +            (no cloak)
rCorr   .            t - +0 pair of gloves
SInv    .            (no boots)
Will    ++...        i - amulet of regeneration Stlth
                     s - ring of protection from cold
HPRegen 2.12/turn    (no ring)
MPRegen 0.11/turn

%: no passive effects
@: berserking, strong-willed (expiring), regenerating (expiring), very quick
A: sickness immunity, AC +6, negative energy resistance 1, electricity
resistance, torment resistance 1, petrification resistance, clever 1, frail 1
a: Renounce Religion, Berserk, Trog's Hand


You were on level 7 of the Dungeon.
You worshipped Trog.
Trog was most pleased with you.
You visited 1 branch of the dungeon, and saw 7 of its levels.

You collected 358 gold pieces.

Inventory:

Hand Weapons
 a - a +0 hand axe of freezing
 p - a +0 hand axe of venom (weapon)
 q - a +1 flail of protection
Missiles
 n - 3 poisoned darts (quivered)
 u - 2 throwing nets
Armour
 f - a +0 ring mail (worn)
 t - a +0 pair of gloves (worn)
Jewellery
 i - an amulet of regeneration (around neck)
 s - a ring of protection from cold (left hand)
Wands
 k - a wand of iceblast (14)
 l - a wand of paralysis (16)
 o - a wand of digging (8)
 v - a wand of polymorph (5)
Scrolls
 r - 2 scrolls of teleportation
Potions
 b - 2 potions of enlightenment
 c - a potion of resistance
 d - 4 potions of lignification
 e - 2 potions of heal wounds
 g - 2 potions of haste
 h - 2 potions of curing
 j - a potion of cancellation {unknown}
 m - 2 potions of might {unknown}


   Skills:
 + Level 7.0 Fighting
 + Level 8.4 Axes
 + Level 0.3 Throwing
 + Level 6.5 Armour
 + Level 4.5 Dodging
 + Level 1.4 Stealth
 + Level 0.5 Evocations


You had 8 spell levels left.
You didn't know any spells.
Your spell library was empty.

Dungeon Overview and Level Annotations

Branches:
Dungeon (7/15)             Temple (0/1) D:4

Altars:
Fedhas
Makhleb
Okawaru
Qazlal
Sif Muna
Yredelemnul
Zin
The Shining One


Innate Abilities, Weirdness & Mutations

You are immune to sickness and miasma.
Your stone body is resilient. (AC +6)
You are immune to poison.
You resist negative energy. (rN+)
You are resistant to electric shocks. (rElec)
You are resistant to unholy torment.
You are immune to petrification.
Your mind is acute. (Int +4, Str/Dex -1)
You are frail. (-10% HP)


Message History

The harpoon shot hits you.
You are yanked forward by the harpoon shot.
Splash!
You fall into the shallow water.
Moving in this stuff is going to be slow.
The swamp worm fires a harpoon shot at you.
The harpoon shot hits you.
You are yanked forward by the harpoon shot.
Splash!
You fall into the shallow water.
Moving in this stuff is going to be slow.
You closely miss the swamp worm. The swamp worm closely misses you.
Your unstable footing causes you to fumble your attack.
The swamp worm bites you!
You miss the swamp worm. The swamp worm barely misses you.
The swamp worm bites you!
* * * LOW HITPOINT WARNING * * *
Your unstable footing causes you to fumble your attack.
The swamp worm bites you but does no damage.
Unknown command.
You feel the effects of Trog's Hand fading.
The swamp worm bites you but does no damage.
The swamp worm closely misses you. The swamp worm bites you!
* * * LOW HITPOINT WARNING * * *
The swamp worm bites you but does no damage.
A red film seems to cover your vision as you go berserk!
You feel yourself moving faster!
You feel mighty! The swamp worm bites you!
* * * LOW HITPOINT WARNING * * *
You closely miss the swamp worm. The swamp worm closely misses you.
You hit the swamp worm.
The swamp worm is lightly wounded.
You barely miss the swamp worm.
The swamp worm is lightly wounded.
The swamp worm bites you.
* * * LOW HITPOINT WARNING * * *
You slash the swamp worm!
The swamp worm is heavily wounded.
The swamp worm bites you.
You die...

# ###### ~~ #~≈#
~~## #~~# ~~~ ~#
#### #~≈## ~~# ≈~#
#..# #~~~# ~~#~~~.
##..# #~~##~##~~#
##...####.~≈P~P≈~#
#....##...~w~~~~~#
#...##....@~~~~~#
#...#........####
#..#.........#
##..###......#
#######..##
#....#.>#
....##..##
##...#..#
......### #...##..
.......# ##...##.#
......## #...# ..


You could see a swamp worm.

Vanquished Creatures
  Sigmund (D:6)
  A steam dragon (D:7)
  Edmund (D:5)
  Menkaure (D:4)
  A swamp worm (D:7)
  Duvessa (D:6)
  An orc warrior (D:5)
  2 black bears
  3 ogres
  3 bullfrogs (D:6)
  4 necrophages (D:5)
  3 scorpions
  A water moccasin zombie (D:5)
  Dowan (D:6)
  3 electric eels (D:6)
  A howler monkey (D:5)
  A bullfrog zombie (D:5)
  3 orc priests
  2 hounds
  A gnoll bouda (D:6)
  3 iguanas
  4 orc wizards
  A howler monkey zombie (D:5)
  5 gnolls (D:6)
  9 adders
  2 shadow imps (D:5)
  2 white imps
  3 ufetubi
  3 worms
  A dart slug (D:1)
  20 orcs
  5 endoplasms
  3 giant cockroaches
  11 goblins
  6 hobgoblins
  4 jackals
  6 kobolds
  3 quokkas
  11 ball pythons
  6 bats
  3 frilled lizards (D:1)
  4 rats
150 creatures vanquished.

Notes
Turn   | Place    | Note
-------+----------+-------------------------------------------
     0 | D:1      | Gargoyl the Gargoyle Berserker began the quest for the Orb.
     0 | D:1      | Reached XP level 1. HP: 14/14 MP: 1/1
    82 | D:1      | Reached XP level 2. HP: 6/19 MP: 2/2
    87 | D:1      | Reached skill level 3 in Axes
   189 | D:1      | Reached XP level 3. HP: 23/24 MP: 3/3
   363 | D:1      | Found a faded altar of an unknown god.
   485 | D:1      | You fall into a shaft and drop 1 floor!
   502 | D:2      | Found a glowing silver altar of Zin.
   512 | D:2      | Reached ** piety under Trog
   921 | D:2      | Reached XP level 4. HP: 29/29 MP: 4/4
  1272 | D:3      | Found a glowing golden altar of the Shining One.
  1273 | D:3      | Gained mutation: You occasionally lose the ability to drink
                  | potions when taking damage. [potion of mutation]
  1273 | D:3      | Gained mutation: You are partially covered in iridescent
                  | scales. (AC +2) [potion of mutation]
  1428 | D:3      | Reached skill level 4 in Axes
  1645 | D:3      | Lost mutation: You are partially covered in iridescent
                  | scales. (AC +2) [potion of mutation]
  1645 | D:3      | Lost mutation: You occasionally lose the ability to drink
                  | potions when taking damage. [potion of mutation]
  1645 | D:3      | Gained mutation: You are clumsy. (Dex -2) [potion of
                  | mutation]
  1645 | D:3      | Gained mutation: Your muscles are strong. (Str +4, Int/Dex
                  | -1) [potion of mutation]
  1726 | D:3      | Found a basalt altar of Yredelemnul.
  1859 | D:4      | Found a staircase to the Ecumenical Temple.
  1868 | D:4      | Noticed an ogre
  1872 | D:4      | Killed an ogre
  1873 | D:4      | Reached XP level 5. HP: 33/33 MP: 5/5
  1940 | D:4      | Reached XP level 6. HP: 34/38 MP: 6/6
  2075 | D:4      | Reached skill level 5 in Axes
  2131 | D:4      | Noticed a black bear
  2145 | D:4      | Killed a black bear
  2248 | D:4      | Noticed Menkaure
  2255 | D:4      | Killed Menkaure
  2256 | D:4      | Reached XP level 7. HP: 23/44 MP: 7/7
  2633 | D:5      | Entered Level 5 of the Dungeon
  2723 | D:5      | Reached skill level 5 in Fighting
  2942 | D:5      | Found a stormy altar of Qazlal.
  2947 | D:5      | Found a burning altar of Makhleb.
  2963 | D:5      | Found an iron altar of Okawaru.
  2989 | D:5      | Reached skill level 6 in Axes
  2990 | D:5      | Reached XP level 8. HP: 43/49 MP: 8/8
  3010 | D:5      | Reached *** piety under Trog
  3040 | D:5      | Noticed Edmund
  3057 | D:5      | Killed Edmund
  3058 | D:5      | Reached skill level 5 in Armour
  3299 | D:5      | Found a blossoming altar of Fedhas.
  3547 | D:5      | Reached skill level 7 in Axes
  3547 | D:5      | Reached XP level 9. HP: 55/55 MP: 9/9
  3703 | D:6      | Noticed Duvessa
  3703 | D:6      | Noticed Dowan
  3715 | D:6      | Killed Duvessa
  3716 | D:6      | Killed Dowan
  4137 | D:6      | Noticed Sigmund
  4147 | D:6      | Killed Sigmund
  4148 | D:6      | Reached skill level 8 in Axes
  4148 | D:6      | Reached skill level 1 in Stealth
  4175 | D:6      | Lost mutation: Your muscles are strong. (Str +4, Int/Dex
                  | -1) [potion of mutation]
  4175 | D:6      | Lost mutation: You are clumsy. (Dex -2) [potion of
                  | mutation]
  4175 | D:6      | Gained mutation: You are frail. (-10% HP) [potion of
                  | mutation]
  4175 | D:6      | Gained mutation: Your mind is acute. (Int +4, Str/Dex -1)
                  | [potion of mutation]
  4354 | D:6      | Found a shimmering blue altar of Sif Muna.
  4956 | D:7      | HP: 1/76 [swamp worm (13)]
  4960 | D:7      | Slain by a swamp worm

Illustrated notes

Levels and vault maps discovered:
D:1:      erik_arrival_triangle_small, layout_rooms,
          hellmonk_ecumenical_altar_leap_of_faith, minmay_hexomino_p4
D:2:      layout_loops_ring, basic_altar
D:3:      layout_loops_cross, mainiacjoe_overflow_cross_hatched,
          lemuel_tele_altar
D:4:      layout_loops_ring, minmay_temple_entry_offerings,
          amcnicky_mini_pool_small, minivault_26, dk_noncrumbling_2,
          uniq_menkaure
D:5:      layout_basic, okawaru_trees_2, fedhas_altar_decomposition,
          mainiacjoe_overflow_big_doors, guppyfry_early_orc_mine, uniq_edmund
D:6:      layout_loops_cross, nicolae_sif_muna_little_library, serial_bayou,
          serial_bayou_lagoon_a, serial_bayou_shore_a, serial_bayou_shore_b,
          serial_bayou_shore_b, serial_bayou_crossing, uniq_sigmund,
          uniq_duvessa
D:7:      layout_cave_pods, nicolae_ru_path_of_blood, worms_lemuel

Skill      XL: |  1  2  3  4  5  6  7  8  9 |
---------------+----------------------------+-----
Axes           | 3 4 5 6 7 8 |  8.4
Dodging        | 2 3 4 |  4.5
Fighting       | 4 5 6 7 |  7.0
Armour         | 3 4 6 |  6.5
Stealth        | 1 |  1.4
Throwing       | |  0.3
Evocations     | |  0.5

Action                     |  1- 3 |  4- 6 |  7- 9 || total
---------------------------+-------+-------+-------++-------
  Melee: Hand axe          |   106 |   159 |   371 ||   636
         Punch             |       |     2 |     7 ||     9
  Throw: Dart              |       |       |     3 ||     3
 Invoke: Berserk           |     1 |     3 |     7 ||    11
         Trog's Hand       |       |     2 |     7 ||     9
  Evoke: Wand              |       |     3 |       ||     3
    Use: Potion            |     1 |     3 |     3 ||     7
         Scroll            |     3 |     4 |     5 ||    12
 Armour: Animal skin       |    21 |       |       ||    21
         Ring mail         |    29 |    81 |   169 ||   279
  Dodge: Dodged            |    97 |   104 |   218 ||   419

Table legend: (Time is in decaauts)
 A = Elapsed time spent in this place.
 B = Non-inter-level travel time spent in this place.
 C = Inter-level travel time spent in this place.
 D = Time resting spent in this place.
 E = Time spent auto-exploring this place.
 F = Levels seen in this place.
 G = Mean time per level.
                   A        B        C        D        E       F      G
               +--------+--------+--------+--------+--------+-----+--------+
         Total |   5093 |   4875 |    218 |    125 |   3267 |   7 |  727.6 |
       Dungeon |   5093 |   4875 |    218 |    125 |   3267 |   7 |  727.6 |
               +--------+--------+--------+--------+--------+-----+--------+

Top non-repeatable levels by time:
     D:6: 997 daAuts
     D:5: 952 daAuts
     D:4: 849 daAuts
     D:2: 699 daAuts
     D:3: 669 daAuts
     D:1: 513 daAuts
     D:7: 410 daAuts
